cohdb
Replays
Latest Replays
All Replays
Popular Replays
Top Player Replays
Match Explorer
How It Works
Community
CoH3 Stats
Reddit
Sign in to upload your games and track your stats! →
Sign in with Steam
Very close 1v1 fight, Whizbang Vs Jaegers blob (surprising outcome?)
Match 7232420
Overview
Messages
Build Orders
End
Construct Weapon Support Center
Selects Special Operations Battlegroup
Selects M29 Weasel Recon Vehicle
M29 Weasel Recon Vehicle
M1919 Machine Gun Team
M1919 Machine Gun Team
Sniper
Selects Raiding Flares
Engineer Squad
Mechanized Support Center
Construct Medical Station
Selects SSF Commando Squad
SSF Commando Squad
Construct Tank Depot
SSF Commando Squad
M4A1 Sherman Medium Tank
Selects Air Re-supply Operation
SSF Commando Squad
Selects P-47 Strafing Runs
Improvised Armor
M4A1 Sherman Medium Tank
M4A1 76mm Conversion
Engineer Squad
M4A1(76) Sherman Medium Tank
Engineer Squad
M4A1(76) Sherman Medium Tank
P-47 Strafing Runs
Selects M4A1 Sherman Whizbang
Engineer Squad
M4A1 Sherman Whizbang
SSF Commando Squad
M4A1(76) Sherman Medium Tank
Engineer Squad
M4A1(76) Sherman Medium Tank
Max1boy
TumulousBread73
0
0
Comments
sign in to comment!
No comments posted yet!